 Dungeon Crawl Stone Soup version 0.30-a0-331-g8ab09dc110 (webtiles) character file.

Game seed: 16387036738972172595

107 tgiblernsday the Chopper (level 4, -2/41 HPs)
             Began as a Hill Orc Fighter on Oct 29, 2022.
             Succumbed to a scorpion's poison
             ... on level 4 of the Dungeon.
             The game lasted 00:13:33 (2307 turns).

tgiblernsday the Chopper (Hill Orc Fighter)         Turns: 2307, Time: 00:13:34

Health: -2/41      AC: 10    Str: 20    XL:     4   Next: 85%
Magic:  4/4        EV:  7    Int:  8    God:
Gold:   129        SH:  4    Dex: 10    Spells: 3/3 levels left

rFire   . . .      SeeInvis .    a - +0 war axe
rCold   . . .      Faith    .    c - +0 buckler
rNeg    . . .      Spirit   .    n - +0 chain mail
rPois   .          Reflect  .    q - +0 helmet
rElec   .          Harm     .    (no cloak)
rCorr   .          Rampage  .    (no gloves)
Will    .....                    (no boots)
Stlth   ..........               (no amulet)
HPRegen 0.26/turn                (no ring)
MPRegen 0.09/turn                (no ring)

@: lethally poisoned (-2 -> -20)
A: no striking features
a: no special abilities


You were on level 4 of the Dungeon.
You visited 1 branch of the dungeon, and saw 4 of its levels.

You collected 129 gold pieces.

Inventory:

Hand Weapons
 a - a +0 war axe (weapon)
Armour
 c - a +0 buckler (worn)
 n - a +0 chain mail (worn)
 q - a +0 helmet (worn)
Magical Staves
 r - a staff of air
Jewellery
 p - an amulet of faith
Scrolls
 e - a scroll of enchant armour {unknown}
 f - 2 scrolls of fog {unknown}
 g - a scroll of blinking {unknown}
 j - a scroll of noise {unknown}
 k - a scroll of brand weapon {unknown}
 l - 3 scrolls of teleportation {unknown}
 m - a scroll of silence {unknown}
 s - a scroll of fear {unknown}
 t - a scroll of identify {unknown}
Potions
 b - 2 potions of flight {unknown}
 d - a potion of might
 h - 2 potions of heal wounds {unknown}
 i - a potion of degeneration {unknown}
 o - a potion of attraction {unknown}
 u - a potion of curing {unknown}


   Skills:
 + Level 4.3 Fighting
 + Level 4.7 Axes
 + Level 0.2 Throwing
 + Level 4.0 Armour
 + Level 3.6 Shields


You had 3 spell levels left.
You didn't know any spells.
Your spell library contained the following spells:

 Spells                   Type           Power      Damage    Failure   Level
 Apportation              Tloc           0%         N/A       99%         1
 Necrotise                Necr           0%         1d4       99%         1
 Summon Small Mammal      Summ           0%         N/A       99%         1
 Gell's Gravitas          Tloc           0%         N/A       100%        3
 Lesser Beckoning         Tloc           0%         N/A       100%        3
 Teleport Other           Tloc           0%         N/A       100%        3


Dungeon Overview and Level Annotations

Branches:
Dungeon (4/15)
 Temple: D:4-7

Altars:

Shops:
D:3 :*


Message History

You are poisoned.
The scorpion poisons you!
You feel sick.
You feel sick. You block the scorpion's attack.
You feel sick.
You feel sick. You block the scorpion's attack.
The scorpion stings you but does no damage.
The scorpion attacks as you move away! The scorpion closely misses you.
You feel sick. The scorpion attacks as you move away! The scorpion stings you.
You are more poisoned.
The scorpion poisons you!
You feel very sick.
You feel sick. The scorpion attacks as you move away!
The scorpion stings you but does no damage.
You feel sick. The scorpion attacks as you move away!
The scorpion stings you but does no damage.
You feel sick. The scorpion barely misses you.
You feel sick.
You feel sick. The scorpion attacks as you move away! The scorpion stings you.
* * * LOW HITPOINT WARNING * * *
You feel sick. The scorpion attacks as you move away!
The scorpion stings you but does no damage.
You feel sick.
You feel sick.
You are no longer poisoned.
The scorpion barely misses you. The scorpion stings you.
* * * LOW HITPOINT WARNING * * *
You are lethally poisoned!
The scorpion poisons you!
* * * LOW HITPOINT WARNING * * *
You feel sick. The scorpion attacks as you move away! The scorpion stings you.
* * * LOW HITPOINT WARNING * * *
You are more poisoned.
The scorpion poisons you!
You die...

#.# #.# #..........#
#.######## #..........#
#........# ##..........#
#.##.....###...>.......+
..##.......#...........####
####.#####[#...............
#.# #.#†#...............
#.. #...#....@..........
### #.#.#..#............
#.#.#.#).#...s........
#........#.........##.
#..#.###.##.........# ##.#.
..##.........# #
########.........#
.................#
##........########


You could see a scorpion.

Vanquished Creatures
  4 adders
  A worm (D:4)
  3 dart slugs (D:1)
  4 orcs (D:3)
  6 bats
  5 endoplasms
  2 giant cockroaches (D:3)
  4 goblins
  4 hobgoblins
  3 quokkas
  9 ball pythons
  3 frilled lizards
  4 kobolds
  4 rats
56 creatures vanquished.

Vanquished Creatures (others)
  A plant (D:1)
1 creature vanquished.

Grand Total: 57 creatures vanquished

Notes
Turn   | Place    | Note
-------+----------+-------------------------------------------
     0 | D:1      | tgiblernsday the Hill Orc Fighter began the quest for the
                  | Orb.
     0 | D:1      | Reached XP level 1. HP: 19/19 MP: 1/1
   127 | D:1      | Reached XP level 2. HP: 20/27 MP: 2/2
   451 | D:1      | Reached XP level 3. HP: 33/33 MP: 3/3
  1180 | D:2      | Reached XP level 4. HP: 38/40 MP: 4/4
  1619 | D:3      | Found Haocolys's Assorted Antiques.
  1910 | D:3      | Found Seehab's Book Shoppe.
  2272 | D:4      | Noticed a scorpion
  2307 | D:4      | HP: 2/41 [scorpion (4)]
  2307 | D:4      | Succumbed to a scorpion's poison

Illustrated notes

Levels and vault maps discovered:
D:1:      saegor_arrival_simple_d, layout_basic, serial_forest,
          infiniplex_forest_fountain, infiniplex_forest_clump_double,
          infiniplex_forest_lined_2, infiniplex_forest_lined_corner,
          infiniplex_forest_lined_3, infiniplex_forest_end_2,
          infiniplex_forest_clump_long, infiniplex_forest_clump_double
D:2:      layout_rooms, kennysheep_nondescript, minivault_24
D:3:      layout_loops_ring, serial_shops, shop, shop
D:4:      layout_basic, serial_shops, nicolae_shop_behind_doors,
          corner_web_ring, uniq_crazy_yiuf_cottage, uniq_robin

Skill      XL: |  1  2  3  4 |
---------------+-------------+-----
Axes           | 3 4 |  4.7
Fighting       | 4 |  4.3
Armour         | 4 |  4.0
Throwing       | |  0.2
Shields        | |  3.6

Action                   |  1- 3 |  4- 6 || total
-------------------------+-------+-------++-------
Melee: War axe           |   110 |    54 ||   164
Throw: Stone             |    10 |     7 ||    17
Armor: Scale mail        |    34 |       ||    34
       Chain mail        |    26 |    36 ||    62
Dodge: Dodged            |    47 |    22 ||    69
Block: Buckler           |    35 |    11 ||    46

Table legend: (Time is in decaauts)
 A = Elapsed time spent in this place.
 B = Non-inter-level travel time spent in this place.
 C = Inter-level travel time spent in this place.
 D = Time resting spent in this place.
 E = Time spent auto-exploring this place.
 F = Levels seen in this place.
 G = Mean time per level.
                   A        B        C        D        E       F      G
               +--------+--------+--------+--------+--------+-----+--------+
         Total |   2369 |   2197 |    172 |     57 |   1419 |   4 |  592.2 |
       Dungeon |   2369 |   2197 |    172 |     57 |   1419 |   4 |  592.2 |
               +--------+--------+--------+--------+--------+-----+--------+

Top non-repeatable levels by time:
     D:1: 817 daAuts
     D:2: 710 daAuts
     D:3: 695 daAuts
     D:4: 146 daAuts
